 Dungeon Crawl Stone Soup version 0.30-a0-1160-g6e42c06551 (webtiles) character file.

Game seed: 17213253375009593900

89 mandoloar the Insei (level 4, -1/30 HPs)
             Began as an Octopode Transmuter on Apr 26, 2023.
             Slain by a phantom (2 damage)
             ... on level 4 of the Dungeon.
             The game lasted 00:12:30 (4052 turns).

mandoloar the Insei (Octopode Transmuter)           Turns: 4052, Time: 00:12:30

Health: -1/30      AC:  1    Str:  9    XL:     4   Next: 55%
Magic:  5/7        EV: 13    Int: 17    God:
Gold:   295        SH:  0    Dex: 12    Spells: 4/7 levels left

rFire   . . .        a - +0 rapier
rCold   . . .        (no shield)
rNeg    . . .        (helmet currently unavailable)
rPois   .            (no amulet)
rElec   .            (no ring)
rCorr   .            (no ring)
SInv    .            (no ring)
Will    .....        (no ring)
Stlth   ++           (no ring)
HPRegen 0.25/turn    (no ring)
MPRegen 0.10/turn    (no ring)
                     (no ring)

%: no passive effects
@: appendages (expiring)
A: tentacle spike 3, almost no armour, amphibious, 8 rings, camouflage 1,
gelatinous body 1, (nimble swimmer 1), tentacles
a: End Transformation


You were on level 4 of the Dungeon.
One of your tentacles had grown a beastly spike.
You visited 1 branch of the dungeon, and saw 4 of its levels.

You collected 295 gold pieces.

Inventory:

Hand Weapons
 a - a +0 rapier (weapon)
Missiles
 j - 7 stones
Scrolls
 f - 2 scrolls of fear
 g - a scroll of immolation
 i - a scroll of magic mapping {unknown}
 n - a scroll of blinking
Potions
 b - 2 potions of lignification
 c - 5 potions of curing
 d - a potion of heal wounds {unknown}
 e - 3 potions of attraction
 h - a potion of mutation {unknown}
 k - 2 potions of degeneration {unknown}
 l - a potion of flight {unknown}
 m - a potion of brilliance {unknown}


   Skills:
 + Level 2.5 Fighting
 + Level 3.0 Dodging
 + Level 3.8 Unarmed Combat
 - Level 2.0 Spellcasting
 - Level 2.0 Transmutations


You had 4 spell levels left.
You knew the following spells:

 Your Spells              Type           Power      Damage    Failure   Level
a - Beastly Appendage     Tmut           16%        N/A       9%          1
b - Wereblood             Tmut           8%         N/A       13%         2

Your spell library contained the following spells:

 Spells                   Type           Power      Damage    Failure   Level
 Freeze                   Ice            4%         1d3       19%         1
 Spider Form              Tmut/Pois      5%         N/A       36%         3
 Ignite Poison            Fire/Tmut/Pois 3%         N/A       41%         3
 Frozen Ramparts          Ice            2%         1d1       50%         3
 Hailstorm                Conj/Ice       1%         3d3       50%         3
 Ice Form                 Ice/Tmut       5%         N/A       77%         4
 Sticky Flame             Conj/Fire      1%         2d3       88%         4
 Ignition                 Fire           0%         3d3       100%        8


Dungeon Overview and Level Annotations

Branches:
Dungeon (4/15)
 Temple: D:4-7

Altars:
Elyvilon
Nemelex Xobeh
Wu Jian
The Shining One

Annotations:
D:2 Natasha
D:4 exclusion: phantom, Sigmund


Innate Abilities, Weirdness & Mutations

One of your tentacles has grown a beastly spike.
You cannot wear most types of armour.
You are amphibious.
You can wear up to eight rings at the same time.
Your skin changes colour to match your surroundings (Stealth+).
Your rubbery body absorbs attacks. (AC +1, EV +1)
((You are camouflaged when in or above water. (Stealth+)))
You have tentacles for arms and can constrict up to eight enemies at once.


Message History

The phantom is lightly damaged.
The phantom closely misses you.
You miss the phantom. You squeeze the phantom.
The phantom is moderately damaged.
The phantom hits you.
The phantom blinks!
You blink.
An orc wizard comes into view. It is wielding a +0 dagger.
Found 12 gold pieces.
The orc wizard shouts!
You puncture the phantom!
You pierce the phantom.
The phantom is severely damaged.
Your transformation is almost over.
The phantom hits you.
You miss the phantom.
Your tentacle spike misses the phantom.
The phantom is severely damaged.
The phantom hits you.
The phantom blinks!
You blink.
An endoplasm comes into view.
The phantom barely misses you.
The orc wizard hits you with a +0 dagger.
You closely miss the orc wizard. Your grab misses the orc wizard.
You pierce the orc wizard.
The orc wizard is lightly wounded.
The phantom misses you.
The orc wizard hits you with a +0 dagger.
You puncture the orc wizard! Your grab misses the orc wizard.
Your squeeze misses the orc wizard.
The orc wizard is heavily wounded.
The phantom hits you! The orc wizard misses you.
You hit the orc wizard but do no damage.
You grab the orc wizard. You squeeze the orc wizard.
The orc wizard is almost dead.
You constrict the orc wizard. The phantom barely misses you.
The orc wizard hits you with a +0 dagger.
* * * LOW HITPOINT WARNING * * *
You puncture the orc wizard!
You kill the orc wizard!
The endoplasm freezes you.
You are frozen.
* * * LOW HITPOINT WARNING * * *
The phantom hits you.
You die...

.. ....# ... ....#
####'### #...#
.......#########...#
.......#§..........#
.......#...........#
.......'.......W)..#
.......#########@.$#
####§....# #J..#
...#.....# ....#
...#...<.# .....#
...#.....# '.....#
...#.....' .#.....#
#'##.....###########
...§.#'### .....#


You could see a phantom and an endoplasm.

Vanquished Creatures
  An orc priest (D:4)
  An orc wizard (D:4)
  2 adders (D:2)
  A worm (D:3)
  3 bats
  4 endoplasms
  3 giant cockroaches
  4 goblins
  3 hobgoblins
  2 kobolds (D:1)
  2 quokkas (D:3)
  5 ball pythons
  4 frilled lizards
  2 rats (D:2)
37 creatures vanquished.

Vanquished Creatures (collateral kills)
  An endoplasm (D:3)
1 creature vanquished.

Vanquished Creatures (others)
  2 fungi (D:3)
2 creatures vanquished.

Grand Total: 40 creatures vanquished

Notes
Turn   | Place    | Note
-------+----------+-------------------------------------------
     0 | D:1      | mandoloar the Octopode Transmuter began the quest for the
                  | Orb.
     0 | D:1      | Reached XP level 1. HP: 13/13 MP: 3/3
   583 | D:1      | Reached XP level 2. HP: 18/18 MP: 3/5
  1135 | D:2      | Reached XP level 3. HP: 24/24 MP: 4/6
  1394 | D:2      | Found a faded altar of an unknown god.
  1423 | D:2      | Noticed Natasha
  1975 | D:3      | Found a white marble altar of Elyvilon.
  2002 | D:3      | Learned a level 2 spell: Wereblood
  2869 | D:3      | Found a glowing golden altar of the Shining One.
  2942 | D:3      | Found a sparkling altar of Nemelex Xobeh.
  3045 | D:4      | Noticed a phantom
  3194 | D:4      | Noticed Sigmund
  3365 | D:4      | Reached XP level 4. HP: 9/30 MP: 3/7
  3734 | D:4      | Found an ornate altar of the Wu Jian Council.
  4052 | D:4      | HP: 1/30 [frozen (5)]
  4052 | D:4      | Slain by a phantom

Illustrated notes

Levels and vault maps discovered:
D:1:      wander_arrival_abandoned_jail, layout_loops_ring,
          grunt_decor_one_mirror
D:2:      layout_rooms, hellmonk_ecumenical_altar_heavens_door, uniq_natasha
D:3:      layout_basic, mainiacjoe_overflow_tiny_flanked,
          mainiacjoe_overflow_chevrons, lemuel_coloured_pillars_altar
D:4:      layout_gridville, mainiacjoe_overflow_small_starburst, uniq_sigmund

Skill      XL: |  1  2  3 |
---------------+----------+-----
Fighting       | 2 |  2.5
Dodging        | 3 |  3.0
Unarmed Combat | |  3.8
Spellcasting   | |  2.0
Transmutations | |  2.0

Action                     |  1- 3 |  4- 6 || total
---------------------------+-------+-------++-------
  Melee: Short sword       |    26 |       ||    26
         Constrict         |    14 |     3 ||    17
         Kick              |    13 |     7 ||    20
         Unarmed           |     2 |       ||     2
         Tentacles         |    13 |     5 ||    18
         Dagger            |    34 |       ||    34
         Punch             |     1 |     1 ||     2
         Rapier            |       |    20 ||    20
  Throw: Stone             |     6 |     2 ||     8
   Cast: Beastly Appendage |    27 |     4 ||    31
         Wereblood         |     9 |     3 ||    12
    Use: Scroll            |     8 |       ||     8
   Stab: Sleeping          |     5 |       ||     5
 Armour: Skin              |     4 |       ||     4
  Dodge: Dodged            |    30 |    12 ||    42

Table legend: (Time is in decaauts)
 A = Elapsed time spent in this place.
 B = Non-inter-level travel time spent in this place.
 C = Inter-level travel time spent in this place.
 D = Time resting spent in this place.
 E = Time spent auto-exploring this place.
 F = Levels seen in this place.
 G = Mean time per level.
                   A        B        C        D        E       F      G
               +--------+--------+--------+--------+--------+-----+--------+
         Total |   4060 |   3733 |    327 |    761 |   2459 |   4 | 1015.0 |
       Dungeon |   4060 |   3733 |    327 |    761 |   2459 |   4 | 1015.0 |
               +--------+--------+--------+--------+--------+-----+--------+

Top non-repeatable levels by time:
     D:3: 1429 daAuts
     D:1: 949 daAuts
     D:4: 900 daAuts
     D:2: 780 daAuts
